 Dungeon Crawl Stone Soup version 0.25-a0-97-g19cdb01801 (webtiles) character file.

Game seed: 10376487086383517851, levelgen mode: deterministic

8823 tilp the Fighter (level 11, -6/90 HPs)
             Began as a Human Necromancer on Nov 12, 2019.
             Was a High Priest of Okawaru.
             Mangled by an orc warrior
             ... wielding a +0 glaive
              (7 damage)
             ... in a bailey.
             The game lasted 00:41:50 (13998 turns).

tilp the Fighter (Human Necromancer)               Turns: 13998, Time: 00:41:52

Health: -6/90      AC:  6    Str: 10    XL:     11   Next: 63%
Magic:  27/27      EV: 15    Int: 17    God:    Okawaru [*****.]
Gold:   849        SH:  0    Dex: 14    Spells: 8/20 levels left

rFire    + + +     SeeInvis +   a - +5 spear of Traps {flame, *Noise rF+++ MP+9 SInv}
rCold    . . .     Gourm    .   (no shield)
rNeg     . . .     Faith    .   E - +3 leather armour
rPois    +         Spirit   .   (no helmet)
rElec    .         Reflect  .   m - scarf {repulsion}
rCorr    .         Harm     .   (no gloves)
MR       .....                  (no boots)
Stlth    +++.......             (no amulet)
HPRegen  0.25/turn              f - ring of stealth
MPRegen  0.20/turn              T - ring of poison resistance

@: vulnerable, repel missiles
A: no striking features
a: Heroism, Finesse, Renounce Religion


You were in a bailey.
You worshipped Okawaru.
Okawaru was extremely pleased with you.
You were hungry.

You visited 2 branches of the dungeon, and saw 12 of its levels.
You also visited: Sewer and Bailey.

You collected 849 gold pieces.

Inventory:

Hand Weapons
 a - the +5 spear of Traps (weapon) {flame, *Noise rF+++ MP+9 SInv}
   (You found it on level 7 of the Dungeon)

   It has been specially enchanted to burn those struck by it, causing extra
   injury to most foes and up to half again as much damage against particularly
   susceptible opponents.
   It renders you almost immune to fire.
   It affects your magic capacity (+9).
   It lets you see invisible.
   It may make noises in combat.
 b - a +4 hunting sling
Missiles
 d - 528 stones
 j - 56 sling bullets
 r - 7 boomerangs
 u - 3 curare-tipped darts
 C - 29 poisoned darts (quivered)
 Q - a throwing net
Armour
 m - a scarf of repulsion (worn)
 D - a +2 leather armour of cold resistance
 E - a +3 leather armour (worn)
Jewellery
 f - a ring of stealth (left hand)
 o - an uncursed ring of see invisible
 L - an uncursed ring of resist corrosion
 T - a ring of poison resistance (right hand)
Wands
 H - a wand of random effects (24)
 R - a wand of paralysis (8)
 W - a wand of disintegration (8)
Scrolls
 g - a scroll of blinking
 k - 2 scrolls of enchant armour
 l - 2 scrolls of amnesia
 q - 3 scrolls of teleportation
 t - a scroll of fear {unknown}
 v - a scroll of fog
 x - a scroll of random uselessness {unknown}
 y - 2 scrolls of enchant weapon
 F - 2 scrolls of magic mapping
 J - 6 scrolls of remove curse
 M - a scroll of immolation
 P - a scroll of brand weapon {unknown}
 Y - a scroll of noise {unknown}
 Z - a scroll of identify
Potions
 e - a potion of mutation
 h - a potion of curing
 i - a potion of brilliance
 n - a potion of invisibility {unknown}
 p - a potion of lignification {unknown}
 w - 2 potions of cancellation
 z - a potion of flight {unknown}
 A - 3 potions of berserk rage
 B - a potion of magic {unknown}
 G - a potion of ambrosia
 N - 2 potions of might {unknown}
 S - 2 potions of agility {unknown}
 U - a potion of resistance {unknown}
 V - a potion of haste {unknown}
 X - 3 potions of heal wounds {unknown}
Comestibles
 c - 13 rations


   Skills:
 - Level 10.0 Fighting
   Level 1.0 Maces & Flails
 + Level 7.9 Polearms
 - Level 6.0 Dodging
 - Level 4.0 Stealth
 - Level 5.0 Spellcasting
 - Level 8.1 Necromancy
 - Level 4.1 Evocations


You had 8 spell levels left.
You knew the following spells:

 Your Spells              Type           Power        Failure   Level  Hunger
a - Pain                  Necr           ####         1%          1    None
b - Animate Skeleton      Necr           N/A          1%          1    None
c - Vampiric Draining     Necr           ####......   1%          3    ###....
d - Regeneration          Chrm/Necr      ###.......   11%         3    ###....
e - Animate Dead          Necr           N/A          7%          4    ####...

Your spell library contained the following spells:

 Spells                   Type           Power        Failure   Level  Hunger
 Confusing Touch          Hex            #.....       19%         1    None
 Sting                    Conj/Pois      #...         19%         1    None
 Poisonous Vapours        Pois/Air       #.....       28%         2    #......
 Confuse                  Hex            #.......     50%         3    ###....
 Gell's Gravitas          Tloc           #.........   50%         3    ###....
 Mephitic Cloud           Conj/Pois/Air  #.......     50%         3    ###....
 Olgreb's Toxic Radiance  Pois           #.......     88%         4    ####...
 Petrify                  Tmut/Erth      #.......     88%         4    ####...
 Metabolic Englaciation   Hex/Ice        #.........   99%         5    ######.
 Venom Bolt               Conj/Pois      #.........   99%         5    ######.
 Yara's Violent Unravell  Hex/Tmut       #.........   99%         5    ######.


Dungeon Overview and Level Annotations

Branches:
Dungeon (11/15)            Temple (1/1) D:6            Lair (0/6) D:10
  Sewer (visited)          Bailey (1/1)
    Orc: D:9-12

Altars:
Ashenzari
Cheibriados
Dithmenos
Elyvilon
Fedhas
Gozag
Hepliaklqana
Kikubaaqudgha
Makhleb
Nemelex Xobeh
Okawaru
Qazlal
Ru
Sif Muna
Trog
Uskayaw
Vehumet
Wu Jian
Xom
Yredelemnul
Zin
The Shining One

Shops:
D:6 %

Annotations:
D:6 exclusions: crimson imp and hound, Duvessa, Edmund, Sigmund


Message History

The orc warrior hits you from afar with a +0 halberd!
* * * LOW HITPOINT WARNING * * *
It was a potion of ambrosia.
You are confused.
You feel invigorated.
The orc warrior hits you from afar with a +0 glaive.
* * * LOW HITPOINT WARNING * * *
Unknown command.
You feel better.
You feel less invigorated. The orc warrior completely misses you.
The orc completely misses you.
The orc warrior hits you from afar with a +0 glaive.
* * * LOW HITPOINT WARNING * * *
Unknown command.
As you read the scroll labeled WYCUNLE VUAMN, it crumbles to dust.
Magic quickly surges around you.
It was a scroll of vulnerability.
The orc warrior hits you from afar with a +0 halberd!
* * * LOW HITPOINT WARNING * * *
The orc barely misses you.
The orc warrior hits you from afar with a +0 glaive!
You die...

#######
##..∩..##
#...@.).#
#∩...))∩#
#..oooo)#
#..ooo.)#
#...o...#
#.......#
#.......#
#.......#
#.......#


You could see 3 orc warriors and 5 orcs.

Vanquished Creatures
  2 two-headed ogres
  A queen ant (D:8)
  Pikel (D:5)
  A troll (D:11)
  2 hippogriffs
  A spriggan (D:8)
  4 yaks (D:10)
  A hungry ghost (D:7)
  3 soldier ants (D:8)
  3 orc warriors
  2 ice beasts
  A sky beast (D:7)
  An eye of draining (D:10)
  6 ogres
  2 phantoms
  5 centaurs
  3 big kobolds
  5 bullfrogs
  3 scorpions
  11 killer bees
  A howler monkey (D:7)
  6 crimson imps
  3 jellies
  A hound (D:6)
  3 orc priests
  A centaur skeleton (D:4)
  3 orc wizards
  Ijyb (D:4)
  20 worker ants
  Natasha (twice) (D:2)
  4 hound skeletons
  A howler monkey zombie (D:8)
  2 worker ant zombies (D:5)
  A gnoll (D:1)
  A howler monkey skeleton (D:7)
  A river rat (Sewer)
  8 adders
  3 shadow imps
  6 oozes
  An adder skeleton (D:9)
  4 worms
  2 dart slugs
  11 leopard geckos
  37 orcs
  7 bats
  6 giant cockroaches
  7 goblins
  6 hobgoblins
  14 jackals
  A quokka (D:8)
  7 ball pythons
  A frilled lizard (D:1)
  18 kobolds
  9 rats
257 creatures vanquished.

Vanquished Creatures (collateral kills)
  A hippogriff (D:9)
  A soldier ant (D:8)
  An ice beast (D:9)
  A sky beast (D:9)
  2 orc warriors
  An ogre (D:10)
  A crocodile (D:11)
  An orc priest (D:10)
  2 orc wizards
  2 worker ants (D:8)
  A shadow imp (D:9)
  13 orcs
27 creatures vanquished.

Vanquished Creatures (others)
  A sky beast (D:5)
  A slave (D:5)
  A necrophage (D:5)
  An adder (D:5)
  A shadow imp (D:5)
  An ooze (D:5)
  A giant cockroach (D:5)
  A frilled lizard (D:5)
  A leopard gecko skeleton (D:5)
9 creatures vanquished.

Grand Total: 293 creatures vanquished

Notes
Turn   | Place    | Note
-------+----------+-------------------------------------------
     0 | D:1      | tilp the Human Necromancer began the quest for the Orb.
     0 | D:1      | Reached XP level 1. HP: 13/13 MP: 3/3
   390 | D:1      | Reached XP level 2. HP: 15/19 MP: 0/5
   847 | D:1      | Reached XP level 3. HP: 22/24 MP: 2/6
   869 | D:1      | Learned a level 1 spell: Animate Skeleton
   873 | D:1      | Learned a level 3 spell: Vampiric Draining
   914 | D:1      | Reached skill level 5 in Necromancy
  1324 | D:2      | Reached XP level 4. HP: 27/30 MP: 2/7
  1626 | D:2      | Reached XP level 5. HP: 28/35 MP: 0/8
  1634 | D:2      | Learned a level 3 spell: Regeneration
  1704 | D:2      | Noticed Natasha
  1720 | D:2      | Killed Natasha
  2242 | D:2      | Noticed Natasha
  2249 | D:2      | Killed Natasha
  2636 | D:3      | Reached skill level 1 in Fighting
  2636 | D:3      | Reached XP level 6. HP: 21/43 MP: 5/9
  2645 | D:3      | Found a stormy altar of Qazlal.
  2815 | D:3      | Found a glowing drain.
  2820 | Sewer    | Entered a sewer
  3254 | Sewer    | Reached skill level 2 in Fighting
  3254 | Sewer    | Reached XP level 7. HP: 43/50 MP: 0/11
  4564 | D:4      | Found a basalt altar of Yredelemnul.
  4564 | D:4      | Noticed Ijyb
  4846 | D:4      | Killed Ijyb
  5623 | D:5      | Entered Level 5 of the Dungeon
  5623 | D:5      | Noticed Pikel
  5679 | D:5      | Reached skill level 3 in Fighting
  5679 | D:5      | Reached XP level 8. HP: 34/58 MP: 3/13
  5971 | D:5      | Killed Pikel
  5971 | D:5      | Reached skill level 4 in Fighting
  5971 | D:5      | Reached skill level 5 in Spellcasting
  6097 | D:5      | Reached skill level 5 in Fighting
  6207 | D:5      | Found a hide-covered altar of Uskayaw.
  6207 | D:5      | Noticed a +0 hand axe
  6207 | D:5      | Noticed a +0 dagger
  6352 | D:5      | Reached skill level 1 in Evocations
  6623 | D:5      | Reached XP level 9. HP: 17/68 MP: 4/16
  7099 | D:6      | Noticed Duvessa
  7229 | D:6      | Found a staircase to the Ecumenical Temple.
  7252 | Temple   | Entered the Ecumenical Temple
  7385 | Temple   | Became a worshipper of Warmaster Okawaru
  7485 | D:6      | Reached skill level 6 in Fighting
  7533 | D:6      | Found Yqoaclac's Food Shop.
  7611 | D:6      | Noticed Edmund
  7616 | D:6      | Noticed Sigmund
  7792 | D:6      | Found a blossoming altar of Fedhas.
  7794 | D:6      | Found an ancient bone altar of Kikubaaqudgha.
  7861 | D:5      | Learned a level 4 spell: Animate Dead
  7909 | D:7      | Found a hazy altar of Hepliaklqana.
  8534 | D:7      | Reached * piety under Okawaru
  9125 | D:7      | Reached skill level 1 in Maces & Flails
  9372 | D:7      | Got an ancient spear
  9373 | D:7      | Identified the +5 spear of Traps {flame, *Noise rF+++ MP+9
                  | SInv} (You found it on level 7 of the Dungeon)
  9727 | D:8      | Found a burning altar of Makhleb.
  9744 | D:8      | Reached XP level 10. HP: 73/77 MP: 17/17
  9929 | D:8      | Reached ** piety under Okawaru
  9929 | D:8      | Reached skill level 5 in Dodging
  9949 | D:8      | Reached skill level 7 in Fighting
 10187 | D:8      | Noticed a queen ant
 10195 | D:8      | Reached *** piety under Okawaru
 10195 | D:8      | Reached skill level 8 in Fighting
 10725 | D:8      | Killed a queen ant
 10725 | D:8      | Reached skill level 9 in Fighting
 11195 | D:9      | Reached **** piety under Okawaru
 11282 | D:9      | Reached skill level 10 in Fighting
 11378 | D:9      | Reached XP level 11. HP: 67/90 MP: 18/18
 11392 | D:9      | Reached skill level 1 in Polearms
 11490 | D:9      | Noticed an unseen horror
 11490 | D:9      | Noticed a four-headed hydra
 11546 | D:9      | Found an ornate altar of the Wu Jian Council.
 11774 | D:10     | Entered Level 10 of the Dungeon
 12313 | D:10     | Reached skill level 5 in Polearms
 12316 | D:10     | Noticed a two-headed ogre
 12332 | D:10     | Killed a two-headed ogre
 12332 | D:10     | Reached ***** piety under Okawaru
 12444 | D:10     | Found a staircase to the Lair.
 13439 | D:11     | Found a flagged portal.
 13439 | D:11     | Found a radiant altar of Vehumet.
 13494 | D:11     | Noticed a two-headed ogre
 13503 | D:11     | Killed a two-headed ogre
 13503 | D:11     | Received a gift from Okawaru
 13541 | Bailey   | Entered a bailey
 13998 | Bailey   | HP: 1/90 [orc warrior/+0 halberd (17)]
 13998 | Bailey   | Mangled by an orc warrior

Levels and vault maps discovered:
D:1:      minmay_arrival_checkered_box, layout_loops_ring
D:2:      layout_basic, uniq_natasha
D:3:      layout_loops_ring, nicolae_qazlal_general_emergency,
          gup_sewer_entry_spiral, minmay_misc_feat_hallway
D:4:      layout_layer_cave, old_standard_altar, first_ration, uniq_ijyb
D:5:      layout_rooms, dancing_weapons_uskayaw, chequers_serial_rivers_small_b,
          kennysheep_flooded_box, minmay_pentangle, uniq_pikel
D:6:      layout_cave_pools, grunt_temple_overflow_growth_and_decay,
          minmay_temple_entry_purple_smoke, serial_shops, shop, uniq_sigmund,
          uniq_duvessa, uniq_edmund
D:7:      layout_layer_cave, basic_altar
D:8:      layout_rooms, basic_altar, the_bakery, minmay_another_anthill
D:9:      layout_rooms, lemuel_round_altar, minivault_12
D:10:     layout_roguey, lair_entry_dummy
D:11:     layout_big_octagon, enter_bailey_2, basic_altar, skrybe_limestone_x
Temple:   nicolae_temple_elliptical
Bailey:   bailey_polearm_5, bailey

Skill      XL: |  1  2  3  4  5  6  7  8  9 10 11 |
---------------+----------------------------------+-----
Necromancy     | 5 6 8 |  8.1
Fighting       | 1 2 3 5 6 10 | 10.0
Stealth        | 3 4 |  4.0
Dodging        | 3 4 6 |  6.0
Spellcasting   | 3 5 |  5.0
Evocations     | 2 4 |  4.1
Maces & Flails | 1 |  1.0
Polearms       | 7 |  7.9

Action                   |  1- 3 |  4- 6 |  7- 9 | 10-12 || total
-------------------------+-------+-------+-------+-------++-------
Melee: Dagger            |    28 |     2 |       |       ||    30
       Flail             |       |    28 |   106 |       ||   134
       Whip              |       |       |   253 |       ||   253
       Quarterstaff      |       |       |    14 |       ||    14
       Spear             |       |       |    10 |   333 ||   343
       Punch             |       |       |       |     1 ||     1
 Fire: Hunting sling     |       |    10 |    48 |       ||    58
Throw: Stone             |     7 |    19 |    11 |       ||    37
       Dart              |       |       |       |    12 ||    12
 Cast: Pain              |    40 |    90 |   135 |    70 ||   335
       Animate Skeleton  |       |     1 |    17 |    28 ||    46
       Vampiric Draining |       |       |    13 |    61 ||    74
       Regeneration      |       |       |     1 |    18 ||    19
       Animate Dead      |       |       |     1 |     6 ||     7
Invok: Heroism           |       |       |       |     1 ||     1
Evoke: Wand              |       |       |     1 |     7 ||     8
  Use: Scroll            |     1 |     4 |     7 |     7 ||    19
       Potion            |       |       |     2 |     4 ||     6
 Stab: Sleeping          |     3 |       |     4 |     8 ||    15
       Distracted        |       |       |     1 |     1 ||     2
       Paralysed         |       |       |       |     5 ||     5
  Eat: Chunk             |     2 |     7 |    19 |    14 ||    42
       Ration            |       |       |     3 |     2 ||     5
Armor: Robe              |     6 |       |       |       ||     6
       Leather armour    |     7 |    22 |    94 |    63 ||   186
Dodge: Dodged            |    22 |    53 |   313 |   281 ||   669
       Deflected         |       |     1 |    15 |     3 ||    19

Table legend:
 A = Non-vault XP
 B = Vault XP
 C = Vault XP percentage of total XP
 D = Non-vault monster count
 E = Vault monster count
 F = Vault count percentage of total count
                 A         B        C        D         E       F
            +---------+---------+-------+---------+---------+-------
      Total |    8774 |    3831 |  30.4 |     205 |      80 |  28.1
            +---------+---------+-------+---------+---------+-------
        D:1 |      52 |       0 |   0.0 |      21 |       0 |   0.0
        D:2 |     130 |      35 |  21.2 |      14 |       1 |   6.7
        D:3 |     136 |      23 |  14.5 |      29 |       6 |  17.1
        D:4 |     278 |      36 |  11.5 |      17 |       1 |   5.6
        D:5 |     330 |     904 |  73.3 |      15 |       5 |  25.0
        D:6 |     530 |       0 |   0.0 |       7 |       0 |   0.0
        D:7 |    1121 |       0 |   0.0 |      18 |       0 |   0.0
        D:8 |     866 |    2287 |  72.5 |      15 |      24 |  61.5
        D:9 |    1026 |       0 |   0.0 |      28 |       0 |   0.0
       D:10 |    2839 |       0 |   0.0 |      31 |       0 |   0.0
       D:11 |    1466 |       0 |   0.0 |      10 |       0 |   0.0
      Sewer |       0 |     271 | 100.0 |       0 |      28 | 100.0
     Bailey |       0 |     275 | 100.0 |       0 |      15 | 100.0
            +---------+---------+-------+---------+---------+-------
